 Dungeon Crawl Stone Soup version 0.20.0-10-g0535bb4 (webtiles) character file.

444 kuniqs the Shield-Bearer (level 7, -4/36 HPs)
             Began as a Vine Stalker Fighter on June 5, 2017.
             Was a Follower of Uskayaw.
             Shot with an arrow by a centaur (7 damage)
             ... on level 5 of the Dungeon.
             The game lasted 00:05:44 (2673 turns).

kuniqs the Shield-Bearer (Vine Stalker Fighter)     Turns: 2673, Time: 00:05:45

Health: -4/36      AC:  6    Str: 20    XL:     7   Next: 3%
Magic:  0/8        EV:  8    Int:  8    God:    Uskayaw [*.....]
Gold:   104        SH:  9    Dex: 14    Spells: 6/6 levels left

rFire    . . .     SeeInvis .   n - +2 short sword (venom)
rCold    . . .     Gourm    .   c - +0 shield
rNeg     . . .     Faith    .   b - +0 scale mail
rPois    .         Spirit   +   (no helmet)
rElec    .         Reflect  .   (no cloak)
rCorr    .         Harm     .   (no gloves)
MR       .....                  (no boots)
Stlth    ..........             e - amulet of inaccuracy (curse)
Regen    0.6/turn               (no ring)
MPRegen  0.2/turn               (no ring)

@: no status effects
A: fangs 2, regeneration 1, magic shield, antimagic bite, no potion heal 3, rot
immunity
a: Stomp, Renounce Religion


You were on level 5 of the Dungeon.
You worshipped Uskayaw.
Uskayaw was noncommittal.
You were not hungry.

You visited 2 branches of the dungeon, and saw 6 of its levels.

You collected 104 gold pieces.

Inventory:

Hand Weapons
 n - a +2 short sword of venom (weapon)
Missiles
 k - a throwing net (quivered)
Armour
 b - a +0 scale mail (worn)
 c - a +0 shield (worn)
Jewellery
 e - a cursed amulet of inaccuracy (around neck)
Scrolls
 g - a scroll of identify {@r1}
 l - a scroll of fear
Potions
 f - 2 potions of might
 i - a potion of curing {@q1}
 j - a potion of lignification
Comestibles
 a - 2 chunks of flesh
 d - 3 bread rations
 h - 2 royal jellies


   Skills:
 + Level 3.6 Fighting
 + Level 3.3 Short Blades
 + Level 3.6 Armour
 + Level 2.3 Dodging
 + Level 0.6 Stealth
 + Level 3.8 Shields
 + Level 0.2 Invocations


You had 6 spell levels left.
You didn't know any spells.

Dungeon Overview and Level Annotations

Branches:
Dungeon (5/15)             Temple (1/1) D:4

Altars:
Dithmenos
Elyvilon
Hepliaklqana
Makhleb
Nemelex Xobeh
Okawaru
Qazlal
Ru
Trog
Uskayaw
Xom
Zin
The Shining One


Innate Abilities, Weirdness & Mutations

You have extremely sharp teeth.
Your natural rate of healing is unusually fast.
When hurt, damage is shared between your health and your magic reserves.
Your bite disrupts and absorbs the magic of your enemies.
Potions cannot restore your health.
You are immune to rotting.


Message History

The orc wizard points at you and mumbles some strange words.
The magic dart hits you!
* * * LOW HITPOINT WARNING * * *
The orc wizard casts a spell at you. The magic dart hits you!
* * * LOW HITPOINT WARNING * * *
The orc wizard hits you but does no damage.
The orc wizard hits you but does no damage.
The orc wizard points at you and mumbles some strange words.
The magic dart hits you!
* * * LOW HITPOINT WARNING * * *
The orc wizard gestures wildly while chanting.
The orc wizard blinks!
The centaur shoots an arrow.
The arrow hits you.
* * * LOW HITPOINT WARNING * * *
You see here an arrow.
The centaur shoots an arrow.
The arrow hits you.
* * * LOW HITPOINT WARNING * * *
You see here an arrow.
The centaur shoots an arrow.
The arrow hits you!
You die...

#.#.##.##.######..#..#.
#...##.##c# #..#..##
#.#.##.##.# #.....#
##.#.##.##c# #..#.##
#..).......# #......
#.##.##c#### ##.#.###
#.##.##.# #.#.#
#.##.##.# #.# #.##.##@#
#.##...........
#.#####.####### #.# #.#
#.# #.# #<# #.. ### ###


You could see a centaur.

Vanquished Creatures
  A phantom (D:4)
  2 crimson imps
  A hound (D:4)
  An iguana (D:4)
  Natasha (D:3)
  2 worker ants
  2 adders
  4 gnolls
  An adder skeleton (D:4)
  2 worms
  4 dart slugs
  5 leopard geckos
  7 orcs
  4 giant cockroaches
  5 goblins
  2 hobgoblins (D:2)
  11 jackals
  7 kobolds
  4 quokkas
  A ball python (D:1)
  A ball python skeleton (D:4)
  3 bats (D:1)
  A frilled lizard (D:3)
  A quokka skeleton (D:4)
  8 rats
81 creatures vanquished.

Notes
Turn   | Place    | Note
-------+----------+-------------------------------------------
     0 | D:1      | kuniqs the Vine Stalker Fighter began the quest for the Orb.
     0 | D:1      | Reached XP level 1. HP: 11/11 MP: 2/2
   239 | D:1      | Reached XP level 2. HP: 13/16 MP: 3/3
   631 | D:1      | Reached XP level 3. HP: 17/19 MP: 4/4
   961 | D:2      | Reached skill level 1 in Dodging
  1109 | D:2      | Gained mutation: Your natural rate of healing is unusually fast. [Vine Stalker growth]
  1109 | D:2      | Reached XP level 4. HP: 23/23 MP: 5/5
  1332 | D:3      | Noticed Natasha
  1346 | D:3      | Killed Natasha
  1346 | D:3      | Reached XP level 5. HP: 28/28 MP: 4/6
  1590 | D:4      | Found a burning altar of Makhleb.
  1695 | D:4      | Reached XP level 6. HP: 32/32 MP: 7/7
  2109 | D:4      | Found a glowing silver altar of Zin.
  2204 | D:4      | Found a staircase to the Ecumenical Temple.
  2292 | D:4      | Noticed a phantom
  2385 | D:4      | Killed a phantom
  2428 | Temple   | Entered the Ecumenical Temple
  2458 | Temple   | Became a worshipper of Uskayaw the Reveler
  2459 | Temple   | Fell from the grace of Uskayaw
  2460 | Temple   | Became a worshipper of Uskayaw the Reveler
  2528 | D:5      | Entered Level 5 of the Dungeon
  2558 | D:5      | Reached * piety under Uskayaw
  2573 | D:5      | Reached ** piety under Uskayaw
  2619 | D:5      | Reached XP level 7. HP: 29/36 MP: 5/8
  2670 | D:5      | HP: 1/36 [centaur/arrow (3)]
  2673 | D:5      | Shot with an arrow by a centaur

Skill      XL: |  1  2  3  4  5  6 |
---------------+-------------------+-----
Shields        | 3 |  3.8
Short Blades   | 2 3 |  3.3
Dodging        | 1 2 |  2.3
Fighting       | 3 |  3.6
Armour         | 3 |  3.6
Stealth        | |  0.6
Invocations    | |  0.2

Action                   |  1- 3 |  4- 6 |  7- 9 || total
-------------------------+-------+-------+-------++-------
Melee: Rapier            |   150 |   194 |       ||   344
       Bite              |    31 |    51 |     2 ||    84
       Short sword       |       |    99 |     5 ||   104
Invok: Renounce Religion |       |     1 |       ||     1
  Use: Scroll            |     2 |     4 |       ||     6
  Eat: Chunk             |     1 |     5 |     1 ||     7
Armor: Scale mail        |    58 |    83 |     5 ||   146
Dodge: Dodged            |    55 |    87 |     1 ||   143
Block: Shield            |    75 |   138 |     3 ||   216
